Harfangs vs Senators
Created - January 26, 2020 at 19:16
Goals
|
| Harfangs |
1 |
0 |
0 |
1 |
2 |
| Senators |
0 |
1 |
0 |
0 |
1 |
|
Shots
|
| Harfangs |
9 |
9 |
3 |
2 |
23 |
| Senators |
6 |
16 |
9 |
0 |
31 |
|
1st period
1. Harfangs , Tyler Brenner 20 (Brandon McMillan 18, Tyler Randell 39) at 14:05
Penalties :
Pontus Sjalin (BIN) for Hooking (Minor) at 3:27, Michael Bournival (BEA) for Hooking (Minor) at 17:59
2nd period
2. Senators , Jan Mursak 14 (Chandler Stephenson 18, Keegan Lowe 13) at 10:14
Penalties :
Mark Alt (BEA) for Holding (Minor) at 4:31, Dylan Olsen (BEA) for Hooking (Minor) at 13:35
3rd period
No Goal
Penalties :
Adam Ollas-Mattsson (BIN) for Holding Stick (Minor) at 11:01
Overtime #1
3. Harfangs , Cristoval Nieves 5 (Morgan Klimchuk 8) at 3:01
Penalties :
No Penalty
Goalie Stats
Ilya Sorokin (BEA), 30 saves from 31 shots - (0.968), W, 8-5-1, 63:01 minutes
Justin Peters (BIN), 21 saves from 23 shots - (0.913), OTL, 16-10-2, 63:01 minutes
Players Stats for Harfangs
Player Name G A P +/- PIM S H SB GA TA FO MP PP MP PK MP
------------------------------------------------------------------------------------
Brandon McMillan 0 1 1 1 0 2 1 1 0 0 0/0 15:04 1:30 0:00
Brendan Leipsic 0 0 0 0 0 0 1 0 1 1 1/2 8:30 0:00 1:05
Calle Jarnkrok 0 0 0 -1 0 4 1 0 0 1 13/26 20:05 2:28 1:24
Cristoval Nieves 1 0 1 1 0 5 0 1 0 0 4/6 14:33 0:00 1:02
Devon Teows 0 0 0 1 0 0 2 0 0 3 0/0 13:00 0:00 0:08
Dylan Olsen 0 0 0 0 2 5 3 1 0 2 0/0 26:57 2:01 2:09
Jake Dotchin 0 0 0 0 0 1 2 1 0 1 0/0 22:05 1:57 2:42
Lucas Wallmarkk 0 0 0 0 0 0 0 0 0 0 1/2 8:42 0:00 0:00
Mark Alt 0 0 0 0 2 1 1 0 0 1 0/0 22:09 1:57 1:32
Michael Bournival 0 0 0 -1 2 3 2 0 0 0 1/2 21:22 2:28 2:00
Morgan Klimchuk 0 1 1 1 0 0 1 1 0 0 0/1 14:54 0:00 1:54
Nick Sorensen 0 0 0 0 0 0 0 0 0 0 0/0 8:54 0:00 0:00
Reid McNeill 0 0 0 0 0 0 0 2 1 1 0/0 27:16 2:01 3:34
Rinat Valiev 0 0 0 1 0 0 2 4 0 0 0/0 14:25 0:00 1:41
Ryan Hartman 0 0 0 1 0 0 0 0 0 0 0/0 14:54 1:30 0:00
Sven Andrighetto 0 0 0 0 0 0 1 1 0 0 0/0 13:37 0:00 0:00
Tyler Brenner 1 0 1 1 0 1 0 0 1 0 7/10 16:53 1:30 1:24
Tyler Randell 0 1 1 -1 0 1 1 1 0 0 5/6 22:44 2:28 3:13
Players Stats for Senators
Player Name G A P +/- PIM S H SB GA TA FO MP PP MP PK MP
------------------------------------------------------------------------------------
Adam Ollas-Mattsson 0 0 0 0 2 1 2 1 0 0 0/0 23:03 2:34 1:24
Andy Andreoff 0 0 0 0 0 0 2 0 0 0 1/1 15:03 0:00 1:16
Blake Coleman 0 0 0 -1 0 0 1 1 0 0 1/4 8:37 0:00 0:00
Brett Bulmer 0 0 0 0 0 1 1 0 0 0 0/0 1:55 0:00 0:00
Chandler Stephenson 0 1 1 1 0 0 2 0 1 0 6/13 16:35 2:46 0:00
Grant Besse 0 0 0 -1 0 0 1 0 0 0 0/0 8:58 0:00 0:00
Jake Evans 0 0 0 0 0 1 2 0 0 0 1/1 10:39 0:00 0:00
Jan Mursak 1 0 1 1 0 5 3 1 1 0 0/1 18:09 2:46 1:03
Keegan Lowe 0 1 1 0 0 1 1 1 0 1 0/0 27:54 3:23 1:44
Mason Geertsen 0 0 0 0 0 1 2 0 0 1 0/0 27:06 2:34 1:25
Matt Frattin 0 0 0 -1 0 5 4 0 2 0 1/1 23:53 3:11 2:33
Maxim Letunov 0 0 0 0 0 0 0 0 0 0 0/0 1:11 0:00 0:30
Michal Repik 0 0 0 0 0 4 0 0 2 0 1/2 10:39 0:00 0:00
Nick Foligno 0 0 0 -1 0 3 2 1 1 0 2/10 23:44 3:11 2:25
Patrick Maroon 0 0 0 -1 0 5 1 1 1 0 0/0 8:37 0:00 0:00
Pontus Sjalin 0 0 0 -1 2 0 1 2 0 0 0/0 12:59 0:00 0:31
Scott Harrington 0 0 0 -1 0 0 2 2 0 1 0/0 30:27 3:23 2:52
Tomas Jurco 0 0 0 1 0 1 1 0 2 0 0/0 16:14 2:46 0:00
Warren Foegele 0 0 0 0 0 0 0 0 0 0 0/0 1:12 0:00 0:00
Zemgus Girgensons 0 0 0 0 0 3 2 0 0 0 10/22 21:08 3:11 0:09
3 Stars
1 - Ilya Sorokin (BEA)
2 - Jan Mursak (BIN)
3 - Cristoval Nieves (BEA)
Power Play
Harfangs - 0 on 3 Attempt(s) - 0.00%
Senators - 0 on 2 Attempt(s) - 0.00%
Penalty Kill
Harfangs - 2 on 2 Attempt(s) - 100.00%
- Score 0 goal in Penalty Kill
Senators - 3 on 3 Attempt(s) - 100.00%
- Score 0 goal in Penalty Kill
Team Stat
Harfangs - Hits : 18 - Faceoff Wins : 32 - Blocked Shots : 13 - Penalty Minutes : 6
Senators - Hits : 30 - Faceoff Wins : 23 - Blocked Shots : 10 - Penalty Minutes : 4
Official
Referees : Unknown
Linesman : Unknown
Game Notes
8:14 of 2nd period - Penalty Shot by Scott Harrington for Senators - Stopped by Ilya Sorokin
Brendan Leipsic is injured at 9:44 of 3rd period (Strained Left Knee)
Finance
Level 1 -- Attendance: 1798 (89.90%) -- Ticket Income $59,334
Level 2 -- Attendance: 991 (99.10%) -- Ticket Income $14,865
Total Attendance: 2789 (92.97%)
Total Ticket Income: $74,199
Other Income: $3,710
Total Income: $77,909
Harfangs
5 vs 5 Forward
Center Left Wing Right Wing Time % Phy DF OF
1 Calle Jarnkrok Michael Bournival Tyler Randell 40 1 2 2
2 Tyler Brenner Brandon McMillan Ryan Hartman 30 1 2 2
3 Cristoval Nieves Morgan Klimchuk Sven Andrighetto 20 1 2 2
4 Lucas Wallmarkk Brendan Leipsic Nick Sorensen 10 1 2 2
5 vs 5 Defense
Defense Defense Time % Phy DF OF
1 Dylan Olsen Reid McNeill 40 1 2 2
2 Mark Alt Jake Dotchin 30 1 2 2
3 Devon Teows Rinat Valiev 20 1 2 2
4 Dylan Olsen Reid McNeill 10 1 2 2
PowerPlay Forward
Center Left Wing Right Wing Time % Phy DF OF
1 Calle Jarnkrok Michael Bournival Tyler Randell 60 1 2 2
2 Tyler Brenner Brandon McMillan Ryan Hartman 40 1 2 2
PowerPlay Defense
Defense Defense Time % Phy DF OF
1 Dylan Olsen Reid McNeill 60 1 2 2
2 Mark Alt Jake Dotchin 40 1 2 2
Penalty Kill 4 Players Forward
Center Wing Time % Phy DF OF
1 Tyler Randell Michael Bournival 60 1 2 2
2 Calle Jarnkrok Tyler Brenner 40 1 2 2
Penalty Kill 4 Players Defense
Defense Defense Time % Phy DF OF
1 Dylan Olsen Reid McNeill 60 1 2 2
2 Mark Alt Jake Dotchin 40 1 2 2
Penalty Kill - 3 Players Forward
Forward Time % Phy DF OF
1 Tyler Randell 60 1 2 2
2 Michael Bournival 40 1 2 2
Penalty Kill - 3 Players Defense
Defense Defense Time % Phy DF OF
1 Dylan Olsen Reid McNeill 60 1 2 2
2 Mark Alt Jake Dotchin 40 1 2 2
4 vs 4 Forward
Center Wing Time % Phy DF OF
1 Tyler Randell Michael Bournival 60 1 2 2
2 Calle Jarnkrok Tyler Brenner 40 1 2 2
4 vs 4 Defense
Defense Defense Time % Phy DF OF
1 Dylan Olsen Reid McNeill 60 1 2 2
2 Mark Alt Jake Dotchin 40 1 2 2
Last Minutes Offensive
Center Left Wing Right Wing Defense Defense
Calle Jarnkrok Michael Bournival Tyler Randell Dylan Olsen Reid McNeill
Last Minutes Defensive
Center Left Wing Right Wing Defense Defense
Calle Jarnkrok Michael Bournival Tyler Randell Dylan Olsen Reid McNeill
Goaltenders
Starting : Ilya Sorokin
Backup : Anton Forsberg
Extra Forwards
Normal : Sven Andrighetto, Cristoval Nieves, Morgan Klimchuk - PP : Sven Andrighetto, Cristoval Nieves - PK : Morgan Klimchuk
Extra Defensemen
Normal : Devon Teows, Rinat Valiev, Mark Alt - PP : Devon Teows - PK : Rinat Valiev, Mark Alt
Penalty Shots
Tyler Randell, Michael Bournival, Calle Jarnkrok, Tyler Brenner, Brandon McMillan
Scratches
Nick Shore (Healthy), JC Lipon (Healthy), Brenden Kichton (Healthy), Blake Heinrich (Left Eye Injury), Laurent Dauphin (Healthy)
Erik Nystrom (Healthy), Justin Kirkland (Healthy), Victor Bartley (Right Leg Injury), Anthony Angello (Healthy), Jason Kasdorf (Healthy)
Mark Visentin (Healthy), Scott Wedgewood (Healthy), Zachary Fucale (Healthy)
Senators
5 vs 5 Forward
Center Left Wing Right Wing Time % Phy DF OF
1 Zemgus Girgensons Nick Foligno Matt Frattin 40 1 2 2
2 Chandler Stephenson Jan Mursak Tomas Jurco 30 1 2 2
3 Jake Evans Andy Andreoff Michal Repik 20 1 2 2
4 Blake Coleman Patrick Maroon Grant Besse 10 1 2 2
5 vs 5 Defense
Defense Defense Time % Phy DF OF
1 Scott Harrington Keegan Lowe 40 1 2 2
2 Mason Geertsen Adam Ollas-Mattsson 30 1 2 2
3 Pontus Sjalin Scott Harrington 20 1 2 2
4 Keegan Lowe Mason Geertsen 10 1 2 2
PowerPlay Forward
Center Left Wing Right Wing Time % Phy DF OF
1 Zemgus Girgensons Nick Foligno Matt Frattin 60 1 2 2
2 Chandler Stephenson Jan Mursak Tomas Jurco 40 1 2 2
PowerPlay Defense
Defense Defense Time % Phy DF OF
1 Scott Harrington Keegan Lowe 60 1 2 2
2 Mason Geertsen Adam Ollas-Mattsson 40 1 2 2
Penalty Kill 4 Players Forward
Center Wing Time % Phy DF OF
1 Nick Foligno Matt Frattin 60 1 2 2
2 Jan Mursak Andy Andreoff 40 1 2 2
Penalty Kill 4 Players Defense
Defense Defense Time % Phy DF OF
1 Scott Harrington Keegan Lowe 60 1 2 2
2 Mason Geertsen Adam Ollas-Mattsson 40 1 2 2
Penalty Kill - 3 Players Forward
Forward Time % Phy DF OF
1 Nick Foligno 60 1 2 2
2 Matt Frattin 40 1 2 2
Penalty Kill - 3 Players Defense
Defense Defense Time % Phy DF OF
1 Scott Harrington Keegan Lowe 60 1 2 2
2 Mason Geertsen Adam Ollas-Mattsson 40 1 2 2
4 vs 4 Forward
Center Wing Time % Phy DF OF
1 Nick Foligno Matt Frattin 60 1 2 2
2 Jan Mursak Andy Andreoff 40 1 2 2
4 vs 4 Defense
Defense Defense Time % Phy DF OF
1 Scott Harrington Keegan Lowe 60 1 2 2
2 Mason Geertsen Adam Ollas-Mattsson 40 1 2 2
Last Minutes Offensive
Center Left Wing Right Wing Defense Defense
Zemgus Girgensons Nick Foligno Matt Frattin Scott Harrington Keegan Lowe
Last Minutes Defensive
Center Left Wing Right Wing Defense Defense
Zemgus Girgensons Nick Foligno Matt Frattin Scott Harrington Keegan Lowe
Goaltenders
Starting : Justin Peters
Backup : Stephon Williams
Extra Forwards
Normal : Brett Bulmer, Warren Foegele, Maxim Letunov - PP : Brett Bulmer, Warren Foegele - PK : Maxim Letunov
Extra Defensemen
Normal : Pontus Sjalin, Adam Ollas-Mattsson, Scott Harrington - PP : Pontus Sjalin - PK : Adam Ollas-Mattsson, Scott Harrington
Penalty Shots
Nick Foligno, Matt Frattin, Jan Mursak, Andy Andreoff, Patrick Maroon
Scratches
Dylan Blujus (Healthy), Jack Dougherty (Healthy), Keven Bouchard (Healthy)
% Time on Ice - Harfangs
Lines # - Real PCT - Wanted PCT - Time Play
Normal Forward
1 - 33% - 40% - 16:32
2 - 28% - 30% - 13:54
3 - 22% - 20% - 10:57
4 - 17% - 10% - 8:42
Normal Defense
1 - 38% - 40% - 18:53
2 - 32% - 30% - 16:15
3 - 25% - 20% - 12:37
4 - 5% - 10% - 2:20
PP Forward
1 - 62% - 60% - 2:28
2 - 38% - 40% - 1:30
PP Defense
1 - 51% - 60% - 2:01
2 - 49% - 40% - 1:57
PK Forward
1 - 76% - 60% - 4:33
2 - 24% - 40% - 1:24
PK Defense
1 - 60% - 60% - 3:34
2 - 40% - 40% - 2:23
PK3 Forward
1 - 0% - 60%
2 - 0% - 40%
PK3 Defense
1 - 0% - 60%
2 - 0% - 40%
44 Forward
1 - 81% - 60% - 2:27
2 - 19% - 40% - 0:34
44 Defense
1 - 56% - 60% - 1:42
2 - 44% - 40% - 1:19
Last Minute Offensive - 0:00
Last Minute Defensive - 0:00
Total
Forward - 63:01
Defense - 63:01
|
% Time on Ice - Senators
Lines # - Real PCT - Wanted PCT - Time Play
Normal Forward
1 - 34% - 40% - 17:05
2 - 27% - 30% - 13:44
3 - 21% - 20% - 10:39
4 - 17% - 10% - 8:37
Normal Defense
1 - 35% - 40% - 17:44
2 - 38% - 30% - 18:51
3 - 19% - 20% - 9:21
4 - 8% - 10% - 4:09
PP Forward
1 - 54% - 60% - 3:11
2 - 46% - 40% - 2:46
PP Defense
1 - 57% - 60% - 3:23
2 - 43% - 40% - 2:34
PK Forward
1 - 74% - 60% - 2:55
2 - 26% - 40% - 1:03
PK Defense
1 - 51% - 60% - 2:02
2 - 49% - 40% - 1:56
PK3 Forward
1 - 0% - 60%
2 - 0% - 40%
PK3 Defense
1 - 0% - 60%
2 - 0% - 40%
44 Forward
1 - 87% - 60% - 2:38
2 - 13% - 40% - 0:23
44 Defense
1 - 47% - 60% - 1:25
2 - 53% - 40% - 1:36
Last Minute Offensive - 0:00
Last Minute Defensive - 0:00
Total
Forward - 63:01
Defense - 63:01
|
Play-by-Play
1st period
0:01 of 1st period - Calle Jarnkrok wins face-off versus Nick Foligno in neutral zone.
0:10 of 1st period - Snap shot by Calle Jarnkrok.
0:10 of 1st period - Stopped by Justin Peters without a rebound.
0:11 of 1st period - Tyler Brenner wins face-off versus Chandler Stephenson in Senators zone.
0:12 of 1st period - Snap shot by Brandon McMillan.
0:12 of 1st period - Stopped by Justin Peters without a rebound.
0:13 of 1st period - Chandler Stephenson wins face-off versus Tyler Brenner in Senators zone.
0:17 of 1st period - Off-side.
0:18 of 1st period - Tyler Brenner wins face-off versus Chandler Stephenson in neutral zone.
0:52 of 1st period - Mason Geertsen is hit by Jake Dotchin and loses puck.
1:01 of 1st period - Snap shot by Brandon McMillan.
1:01 of 1st period - Deflect By Matt Frattin.
1:01 of 1st period - Shot Misses the Net.
1:01 of 1st period - Puck is out of play.
1:02 of 1st period - Jake Evans wins face-off versus Calle Jarnkrok in Senators zone.
1:28 of 1st period - Scott Harrington is hit by Sven Andrighetto and loses puck.
2:15 of 1st period - Snap shot by Jan Mursak.
2:15 of 1st period - Shot Blocked by Rinat Valiev.
2:39 of 1st period - Wrist shot by Cristoval Nieves.
2:39 of 1st period - Shot Misses the Net.
3:17 of 1st period - Snap shot by Brendan Leipsic.
3:17 of 1st period - Shot Misses the Net.
3:19 of 1st period - Wrist shot by Mark Alt.
3:19 of 1st period - Stopped by Justin Peters with a rebound.
3:21 of 1st period - Snap shot by Jake Dotchin.
3:21 of 1st period - Shot Blocked by Scott Harrington.
3:27 of 1st period - Minor Penalty to Pontus Sjalin for Hooking.
3:28 of 1st period - Calle Jarnkrok wins face-off versus Nick Foligno in Senators zone.
3:40 of 1st period - Icing by Reid McNeill.
3:41 of 1st period - Michael Bournival wins face-off versus Nick Foligno in Harfangs zone.
3:52 of 1st period - Wrist shot by Tyler Randell.
3:52 of 1st period - Shot Blocked by Nick Foligno.
4:02 of 1st period - Wrist shot by Michael Bournival.
4:02 of 1st period - Shot Misses the Net.
4:12 of 1st period - Wrist shot by Calle Jarnkrok.
4:12 of 1st period - Shot Blocked by Jan Mursak.
4:43 of 1st period - Off-side.
4:44 of 1st period - Tyler Brenner wins face-off versus Nick Foligno in neutral zone.
4:50 of 1st period - Snap shot by Jake Dotchin.
4:50 of 1st period - Deflect By Tyler Brenner.
4:50 of 1st period - Shot Misses the Net.
4:50 of 1st period - Puck is out of play.
4:51 of 1st period - Tyler Brenner wins face-off versus Jan Mursak in Senators zone.
4:54 of 1st period - Wrist shot by Tyler Brenner.
4:54 of 1st period - Shot Misses the Net.
4:56 of 1st period - Slapshot by Mark Alt.
4:56 of 1st period - Shot Blocked by Adam Ollas-Mattsson.
5:27 of 1st period - Penalty to Pontus Sjalin is over, Pontus Sjalin is back on ice.
5:53 of 1st period - Snap shot by Michal Repik.
5:53 of 1st period - Stopped by Ilya Sorokin without a rebound.
5:54 of 1st period - Andy Andreoff wins face-off versus Lucas Wallmarkk in Harfangs zone.
6:19 of 1st period - Nick Foligno is hit by Rinat Valiev and loses puck.
7:26 of 1st period - Calle Jarnkrok is hit by Andy Andreoff and loses puck.
7:43 of 1st period - Backhand shot by Dylan Olsen.
7:43 of 1st period - Stopped by Justin Peters with a rebound.
7:45 of 1st period - Snap shot by Dylan Olsen.
7:45 of 1st period - Stopped by Justin Peters without a rebound.
7:46 of 1st period - Zemgus Girgensons wins face-off versus Tyler Brenner in Senators zone.
8:11 of 1st period - Tomas Jurco is hit by Michael Bournival and loses puck.
8:24 of 1st period - Wrist shot by Calle Jarnkrok.
8:24 of 1st period - Stopped by Justin Peters with a rebound.
9:14 of 1st period - Dylan Olsen is hit by Matt Frattin and loses puck.
9:49 of 1st period - Snap shot by Nick Foligno.
9:49 of 1st period - Shot Misses the Net.
10:01 of 1st period - Backhand shot by Matt Frattin.
10:01 of 1st period - Deflect By Zemgus Girgensons.
10:01 of 1st period - Shot Blocked by Rinat Valiev.
10:01 of 1st period - Puck is out of play.
10:02 of 1st period - Chandler Stephenson wins face-off versus Calle Jarnkrok in Harfangs zone.
10:18 of 1st period - Icing by Keegan Lowe.
10:19 of 1st period - Cristoval Nieves wins face-off versus Chandler Stephenson in Senators zone.
10:24 of 1st period - Slapshot by Dylan Olsen.
10:24 of 1st period - Stopped by Justin Peters without a rebound.
10:25 of 1st period - Cristoval Nieves wins face-off versus Chandler Stephenson in Senators zone.
10:40 of 1st period - Jan Mursak is hit by Dylan Olsen and loses puck.
10:53 of 1st period - Calle Jarnkrok is hit by Matt Frattin and loses puck.
11:15 of 1st period - Mason Geertsen is hit by Brandon McMillan and loses puck.
11:38 of 1st period - Snap shot by Lucas Wallmarkk.
11:38 of 1st period - Shot Misses the Net.
11:46 of 1st period - Wrist shot by Michal Repik.
11:46 of 1st period - Shot Misses the Net.
12:04 of 1st period - Dylan Olsen is hit by Jan Mursak and loses puck.
13:21 of 1st period - Slapshot by Nick Foligno.
13:21 of 1st period - Shot Misses the Net.
13:49 of 1st period - Slapshot by Tomas Jurco.
13:49 of 1st period - Shot Misses the Net.
13:51 of 1st period - Wrist shot by Tomas Jurco.
13:51 of 1st period - Stopped by Ilya Sorokin with a rebound.
14:05 of 1st period - Wrist shot by Brandon McMillan.
14:05 of 1st period - Deflect By Tyler Brenner.
14:05 of 1st period - Goal by Tyler Brenner - Harfangs : 1 - Senators : 0.
14:06 of 1st period - Zemgus Girgensons wins face-off versus Calle Jarnkrok in neutral zone.
14:09 of 1st period - Snap shot by Nick Foligno.
14:09 of 1st period - Stopped by Ilya Sorokin without a rebound.
14:10 of 1st period - Calle Jarnkrok wins face-off versus Nick Foligno in Harfangs zone.
15:03 of 1st period - Dylan Olsen is hit by Andy Andreoff and loses puck.
15:16 of 1st period - Snap shot by Patrick Maroon.
15:16 of 1st period - Stopped by Ilya Sorokin without a rebound.
15:17 of 1st period - Blake Coleman wins face-off versus Calle Jarnkrok in Harfangs zone.
15:30 of 1st period - Wrist shot by Calle Jarnkrok.
15:30 of 1st period - Stopped by Justin Peters with a rebound.
15:44 of 1st period - Wrist shot by Zemgus Girgensons.
15:44 of 1st period - Shot Misses the Net.
16:02 of 1st period - Snap shot by Sven Andrighetto.
16:02 of 1st period - Shot Misses the Net.
16:28 of 1st period - Snap shot by Andy Andreoff.
16:28 of 1st period - Shot Misses the Net.
17:46 of 1st period - Slapshot by Michal Repik.
17:46 of 1st period - Shot Misses the Net.
17:50 of 1st period - Snap shot by Michal Repik.
17:50 of 1st period - Stopped by Ilya Sorokin without a rebound.
17:51 of 1st period - Matt Frattin wins face-off versus Calle Jarnkrok in Harfangs zone.
17:57 of 1st period - Wrist shot by Matt Frattin.
17:57 of 1st period - Stopped by Ilya Sorokin with a rebound.
17:59 of 1st period - Minor Penalty to Michael Bournival for Hooking.
18:00 of 1st period - Tyler Randell wins face-off versus Zemgus Girgensons in Harfangs zone.
18:00 of 1st period - Tyler Randell is hit by Matt Frattin.
18:58 of 1st period - Brendan Leipsic is hit by Tomas Jurco and loses puck.
19:34 of 1st period - Icing by Nick Foligno.
19:35 of 1st period - Brendan Leipsic wins face-off versus Zemgus Girgensons in Senators zone.
19:49 of 1st period - Mark Alt is hit by Adam Ollas-Mattsson and loses puck.
19:59 of 1st period - Penalty to Michael Bournival is over, Michael Bournival is back on ice.
Goals for this period are 1 for Harfangs vs 0 for Senators.
Shots for this period are 9 for Harfangs vs 6 for Senators.
2nd period
0:01 of 2nd period - Calle Jarnkrok wins face-off versus Zemgus Girgensons in neutral zone.
0:10 of 2nd period - Wrist shot by Michael Bournival.
0:10 of 2nd period - Stopped by Justin Peters without a rebound.
0:11 of 2nd period - Zemgus Girgensons wins face-off versus Calle Jarnkrok in Senators zone.
0:45 of 2nd period - Wrist shot by Ryan Hartman.
0:45 of 2nd period - Shot Misses the Net.
1:01 of 2nd period - Snap shot by Patrick Maroon.
1:01 of 2nd period - Shot Blocked by Morgan Klimchuk.
1:14 of 2nd period - Snap shot by Adam Ollas-Mattsson.
1:14 of 2nd period - Shot Blocked by Jake Dotchin.
2:31 of 2nd period - Off-side.
2:32 of 2nd period - Cristoval Nieves wins face-off versus Blake Coleman in neutral zone.
2:39 of 2nd period - Snap shot by Cristoval Nieves.
2:39 of 2nd period - Stopped by Justin Peters without a rebound.
2:40 of 2nd period - Calle Jarnkrok wins face-off versus Zemgus Girgensons in Senators zone.
2:43 of 2nd period - Snap shot by Michael Bournival.
2:43 of 2nd period - Stopped by Justin Peters with a rebound.
3:12 of 2nd period - Snap shot by Jan Mursak.
3:12 of 2nd period - Stopped by Ilya Sorokin with a rebound.
3:14 of 2nd period - Slapshot by Mason Geertsen.
3:14 of 2nd period - Shot Misses the Net.
3:16 of 2nd period - Snap shot by Jan Mursak.
3:16 of 2nd period - Stopped by Ilya Sorokin with a rebound.
3:18 of 2nd period - Snap shot by Keegan Lowe.
3:18 of 2nd period - Stopped by Ilya Sorokin without a rebound.
3:19 of 2nd period - Tyler Randell wins face-off versus Chandler Stephenson in Harfangs zone.
3:49 of 2nd period - Slapshot by Nick Foligno.
3:49 of 2nd period - Stopped by Ilya Sorokin without a rebound.
3:50 of 2nd period - Zemgus Girgensons wins face-off versus Tyler Brenner in Harfangs zone.
4:31 of 2nd period - Minor Penalty to Mark Alt for Holding.
4:32 of 2nd period - Zemgus Girgensons wins face-off versus Tyler Randell in Harfangs zone.
4:37 of 2nd period - Snap shot by Matt Frattin.
4:37 of 2nd period - Shot Blocked by Dylan Olsen.
4:39 of 2nd period - Snap shot by Matt Frattin.
4:39 of 2nd period - Shot Blocked by Tyler Randell.
4:41 of 2nd period - Backhand shot by Nick Foligno.
4:41 of 2nd period - Shot Misses the Net.
4:43 of 2nd period - Backhand shot by Keegan Lowe.
4:43 of 2nd period - Shot Misses the Net.
6:23 of 2nd period - Slapshot by Cristoval Nieves.
6:23 of 2nd period - Shot Blocked by Keegan Lowe.
6:31 of 2nd period - Penalty to Mark Alt is over, Mark Alt is back on ice.
6:46 of 2nd period - Snap shot by Michal Repik.
6:46 of 2nd period - Stopped by Ilya Sorokin with a rebound.
6:52 of 2nd period - Keegan Lowe is hit by Jake Dotchin and loses puck.
6:57 of 2nd period - Snap shot by Cristoval Nieves.
6:57 of 2nd period - Shot Misses the Net.
6:59 of 2nd period - Wrist shot by Cristoval Nieves.
6:59 of 2nd period - Shot Misses the Net.
7:01 of 2nd period - Snap shot by Cristoval Nieves.
7:01 of 2nd period - Stopped by Justin Peters without a rebound.
7:02 of 2nd period - Tyler Brenner wins face-off versus Blake Coleman in Senators zone.
7:27 of 2nd period - Mason Geertsen is hit by Devon Teows and loses puck.
7:53 of 2nd period - Wrist shot by Mark Alt.
7:53 of 2nd period - Shot Blocked by Pontus Sjalin.
7:55 of 2nd period - Slapshot by Jake Dotchin.
7:55 of 2nd period - Deflect By Nick Sorensen.
7:55 of 2nd period - Shot Misses the Net.
7:55 of 2nd period - Puck is out of play.
7:56 of 2nd period - Calle Jarnkrok wins face-off versus Chandler Stephenson in Senators zone.
8:14 of 2nd period - Penalty Shot by Scott Harrington for Senators.
8:14 of 2nd period - Snap shot by Scott Harrington.
8:14 of 2nd period - Stopped by Ilya Sorokin.
8:15 of 2nd period - Tyler Brenner wins face-off versus Zemgus Girgensons in Senators zone.
8:15 of 2nd period - Wrist shot by Brandon McMillan.
8:15 of 2nd period - Stopped by Justin Peters with a rebound.
8:17 of 2nd period - Slapshot by Dylan Olsen.
8:17 of 2nd period - Stopped by Justin Peters with a rebound.
8:19 of 2nd period - Slapshot by Dylan Olsen.
8:19 of 2nd period - Shot Misses the Net.
8:21 of 2nd period - Wrist shot by Tyler Brenner.
8:21 of 2nd period - Shot Misses the Net.
8:40 of 2nd period - Reid McNeill is hit by Jan Mursak and loses puck.
8:45 of 2nd period - Snap shot by Jan Mursak.
8:45 of 2nd period - Stopped by Ilya Sorokin without a rebound.
8:46 of 2nd period - Chandler Stephenson wins face-off versus Calle Jarnkrok in Harfangs zone.
9:01 of 2nd period - Slapshot by Tyler Randell.
9:01 of 2nd period - Stopped by Justin Peters with a rebound.
9:11 of 2nd period - Slapshot by Scott Harrington.
9:11 of 2nd period - Shot Misses the Net.
9:13 of 2nd period - Snap shot by Matt Frattin.
9:13 of 2nd period - Shot Misses the Net.
9:15 of 2nd period - Snap shot by Zemgus Girgensons.
9:15 of 2nd period - Deflect By Matt Frattin.
9:15 of 2nd period - Stopped by Ilya Sorokin with a rebound.
9:17 of 2nd period - Snap shot by Zemgus Girgensons.
9:17 of 2nd period - Stopped by Ilya Sorokin without a rebound.
9:18 of 2nd period - Calle Jarnkrok wins face-off versus Nick Foligno in Harfangs zone.
9:33 of 2nd period - Tyler Randell is hit by Zemgus Girgensons and loses puck.
10:06 of 2nd period - Wrist shot by Nick Foligno.
10:06 of 2nd period - Stopped by Ilya Sorokin without a rebound.
10:07 of 2nd period - Calle Jarnkrok wins face-off versus Chandler Stephenson in Harfangs zone.
10:12 of 2nd period - Snap shot by Jan Mursak.
10:12 of 2nd period - Shot Misses the Net.
10:14 of 2nd period - Snap shot by Chandler Stephenson.
10:14 of 2nd period - Deflect By Jan Mursak.
10:14 of 2nd period - Goal by Jan Mursak - Harfangs : 1 - Senators : 1.
10:15 of 2nd period - Zemgus Girgensons wins face-off versus Calle Jarnkrok in neutral zone.
10:51 of 2nd period - Snap shot by Tomas Jurco.
10:51 of 2nd period - Shot Misses the Net.
10:53 of 2nd period - Slapshot by Jan Mursak.
10:53 of 2nd period - Shot Misses the Net.
11:45 of 2nd period - Wrist shot by Michael Bournival.
11:45 of 2nd period - Shot Misses the Net.
11:47 of 2nd period - Snap shot by Calle Jarnkrok.
11:47 of 2nd period - Shot Misses the Net.
11:49 of 2nd period - Wrist shot by Dylan Olsen.
11:49 of 2nd period - Stopped by Justin Peters without a rebound.
11:50 of 2nd period - Calle Jarnkrok wins face-off versus Zemgus Girgensons in Senators zone.
12:03 of 2nd period - Snap shot by Tyler Randell.
12:03 of 2nd period - Deflect By Michael Bournival.
12:03 of 2nd period - Stopped by Justin Peters without a rebound.
12:04 of 2nd period - Chandler Stephenson wins face-off versus Calle Jarnkrok in Senators zone.
12:44 of 2nd period - Icing by Keegan Lowe.
12:45 of 2nd period - Nick Foligno wins face-off versus Cristoval Nieves in Senators zone.
12:45 of 2nd period - Nick Foligno is hit by Morgan Klimchuk.
12:59 of 2nd period - Snap shot by Nick Foligno.
12:59 of 2nd period - Shot Blocked by Rinat Valiev.
13:01 of 2nd period - Slapshot by Scott Harrington.
13:01 of 2nd period - Shot Blocked by Sven Andrighetto.
13:03 of 2nd period - Slapshot by Zemgus Girgensons.
13:03 of 2nd period - Stopped by Ilya Sorokin with a rebound.
13:05 of 2nd period - Snap shot by Scott Harrington.
13:05 of 2nd period - Shot Blocked by Rinat Valiev.
13:07 of 2nd period - Snap shot by Zemgus Girgensons.
13:07 of 2nd period - Shot Blocked by Cristoval Nieves.
13:11 of 2nd period - Wrist shot by Matt Frattin.
13:11 of 2nd period - Stopped by Ilya Sorokin with a rebound.
13:13 of 2nd period - Snap shot by Zemgus Girgensons.
13:13 of 2nd period - Stopped by Ilya Sorokin without a rebound.
13:14 of 2nd period - Chandler Stephenson wins face-off versus Calle Jarnkrok in Harfangs zone.
13:15 of 2nd period - Snap shot by Tomas Jurco.
13:15 of 2nd period - Shot Misses the Net.
13:17 of 2nd period - Snap shot by Mason Geertsen.
13:17 of 2nd period - Stopped by Ilya Sorokin with a rebound.
13:19 of 2nd period - Slapshot by Tomas Jurco.
13:19 of 2nd period - Shot Blocked by Reid McNeill.
13:21 of 2nd period - Slapshot by Adam Ollas-Mattsson.
13:21 of 2nd period - Deflect By Dylan Olsen.
13:21 of 2nd period - Stopped by Ilya Sorokin with a rebound.
13:23 of 2nd period - Snap shot by Jan Mursak.
13:23 of 2nd period - Stopped by Ilya Sorokin with a rebound.
13:25 of 2nd period - Slapshot by Adam Ollas-Mattsson.
13:25 of 2nd period - Shot Misses the Net.
13:35 of 2nd period - Minor Penalty to Dylan Olsen for Hooking.
13:36 of 2nd period - Tyler Randell wins face-off versus Zemgus Girgensons in Harfangs zone.
13:46 of 2nd period - Off-side.
13:47 of 2nd period - Tyler Randell wins face-off versus Zemgus Girgensons in neutral zone.
13:52 of 2nd period - Keegan Lowe is hit by Tyler Randell and loses puck.
14:03 of 2nd period - Backhand shot by Matt Frattin.
14:03 of 2nd period - Shot Blocked by Reid McNeill.
15:35 of 2nd period - Penalty to Dylan Olsen is over, Dylan Olsen is back on ice.
16:00 of 2nd period - Scott Harrington is hit by Rinat Valiev and loses puck.
16:07 of 2nd period - Rinat Valiev is hit by Grant Besse and loses puck.
16:59 of 2nd period - Dylan Olsen is hit by Jan Mursak and loses puck.
17:40 of 2nd period - Icing by Chandler Stephenson.
17:41 of 2nd period - Chandler Stephenson wins face-off versus Brendan Leipsic in Senators zone.
17:46 of 2nd period - Reid McNeill is hit by Chandler Stephenson.
18:20 of 2nd period - Brandon McMillan is hit by Scott Harrington and loses puck.
18:29 of 2nd period - Slapshot by Grant Besse.
18:29 of 2nd period - Shot Blocked by Brandon McMillan.
19:16 of 2nd period - Off-side.
19:17 of 2nd period - Calle Jarnkrok wins face-off versus Zemgus Girgensons in neutral zone.
Goals for this period are 0 for Harfangs vs 1 for Senators.
Shots for this period are 9 for Harfangs vs 16 for Senators.
3rd period
0:01 of 3rd period - Calle Jarnkrok wins face-off versus Zemgus Girgensons in neutral zone.
0:40 of 3rd period - Wrist shot by Tyler Brenner.
0:40 of 3rd period - Shot Blocked by Scott Harrington.
1:15 of 3rd period - Slapshot by Cristoval Nieves.
1:15 of 3rd period - Shot Misses the Net.
1:23 of 3rd period - Slapshot by Keegan Lowe.
1:23 of 3rd period - Deflect By Patrick Maroon.
1:23 of 3rd period - Stopped by Ilya Sorokin with a rebound.
1:25 of 3rd period - Snap shot by Patrick Maroon.
1:25 of 3rd period - Stopped by Ilya Sorokin without a rebound.
1:26 of 3rd period - Zemgus Girgensons wins face-off versus Calle Jarnkrok in Harfangs zone.
1:29 of 3rd period - Slapshot by Matt Frattin.
1:29 of 3rd period - Stopped by Ilya Sorokin with a rebound.
1:38 of 3rd period - Off-side.
1:39 of 3rd period - Zemgus Girgensons wins face-off versus Calle Jarnkrok in neutral zone.
2:25 of 3rd period - Wrist shot by Michal Repik.
2:25 of 3rd period - Stopped by Ilya Sorokin with a rebound.
2:43 of 3rd period - Patrick Maroon is hit by Brendan Leipsic and loses puck.
3:14 of 3rd period - Rinat Valiev is hit by Nick Foligno and loses puck.
3:53 of 3rd period - Snap shot by Cristoval Nieves.
3:53 of 3rd period - Stopped by Justin Peters with a rebound.
4:47 of 3rd period - Wrist shot by Grant Besse.
4:47 of 3rd period - Shot Misses the Net.
4:53 of 3rd period - Wrist shot by Patrick Maroon.
4:53 of 3rd period - Stopped by Ilya Sorokin with a rebound.
4:55 of 3rd period - Snap shot by Patrick Maroon.
4:55 of 3rd period - Stopped by Ilya Sorokin without a rebound.
4:56 of 3rd period - Zemgus Girgensons wins face-off versus Calle Jarnkrok in Harfangs zone.
5:13 of 3rd period - Calle Jarnkrok is hit by Matt Frattin and loses puck.
5:34 of 3rd period - Tyler Brenner is hit by Mason Geertsen and loses puck.
5:47 of 3rd period - Wrist shot by Cristoval Nieves.
5:47 of 3rd period - Shot Hit the Post.
5:53 of 3rd period - Cristoval Nieves is hit by Jake Evans and loses puck.
6:51 of 3rd period - Devon Teows is hit by Nick Foligno and loses puck.
6:56 of 3rd period - Wrist shot by Matt Frattin.
6:56 of 3rd period - Stopped by Ilya Sorokin with a rebound.
7:08 of 3rd period - Tyler Brenner is hit by Jake Evans and loses puck.
7:28 of 3rd period - Jake Dotchin is hit by Patrick Maroon and loses puck.
7:37 of 3rd period - Nick Sorensen is hit by Adam Ollas-Mattsson and loses puck.
7:56 of 3rd period - Nick Foligno is hit by Mark Alt.
8:10 of 3rd period - Slapshot by Jake Dotchin.
8:10 of 3rd period - Shot Blocked by Pontus Sjalin.
8:12 of 3rd period - Snap shot by Calle Jarnkrok.
8:12 of 3rd period - Stopped by Justin Peters with a rebound.
8:14 of 3rd period - Snap shot by Tyler Randell.
8:14 of 3rd period - Shot Misses the Net.
8:35 of 3rd period - Slapshot by Dylan Olsen.
8:35 of 3rd period - Shot Blocked by Blake Coleman.
9:33 of 3rd period - Off-side.
9:34 of 3rd period - Lucas Wallmarkk wins face-off versus Blake Coleman in neutral zone.
9:43 of 3rd period - Brendan Leipsic is hit by Blake Coleman and loses puck.
9:44 of 3rd period - Brendan Leipsic from Harfangs is injured at 9:44 of 3rd period (Strained Left Knee).
9:45 of 3rd period - Calle Jarnkrok wins face-off versus Zemgus Girgensons in Harfangs zone.
10:34 of 3rd period - Snap shot by Jake Evans.
10:34 of 3rd period - Stopped by Ilya Sorokin without a rebound.
10:35 of 3rd period - Michal Repik wins face-off versus Cristoval Nieves in Harfangs zone.
10:36 of 3rd period - Snap shot by Andy Andreoff.
10:36 of 3rd period - Shot Misses the Net.
10:49 of 3rd period - Reid McNeill is hit by Mason Geertsen and loses puck.
11:01 of 3rd period - Minor Penalty to Adam Ollas-Mattsson for Holding Stick.
11:02 of 3rd period - Nick Foligno wins face-off versus Michael Bournival in Senators zone.
12:33 of 3rd period - Icing by Jake Dotchin.
12:34 of 3rd period - Tyler Brenner wins face-off versus Zemgus Girgensons in Harfangs zone.
13:01 of 3rd period - Penalty to Adam Ollas-Mattsson is over, Adam Ollas-Mattsson is back on ice.
14:17 of 3rd period - Devon Teows is hit by Zemgus Girgensons and loses puck.
14:56 of 3rd period - Morgan Klimchuk is hit by Chandler Stephenson and loses puck.
15:45 of 3rd period - Slapshot by Grant Besse.
15:45 of 3rd period - Shot Hit the Post.
15:55 of 3rd period - Snap shot by Michael Bournival.
15:55 of 3rd period - Shot Misses the Net.
15:57 of 3rd period - Slapshot by Mark Alt.
15:57 of 3rd period - Shot Misses the Net.
15:59 of 3rd period - Snap shot by Michael Bournival.
15:59 of 3rd period - Shot Misses the Net.
16:01 of 3rd period - Slapshot by Jake Dotchin.
16:01 of 3rd period - Shot Blocked by Patrick Maroon.
16:03 of 3rd period - Slapshot by Jake Dotchin.
16:03 of 3rd period - Deflect By Andy Andreoff.
16:03 of 3rd period - Stopped by Justin Peters without a rebound.
16:04 of 3rd period - Zemgus Girgensons wins face-off versus Morgan Klimchuk in Senators zone.
16:39 of 3rd period - Michal Repik is hit by Devon Teows and loses puck.
16:55 of 3rd period - Reid McNeill is hit by Keegan Lowe and loses puck.
17:12 of 3rd period - Zemgus Girgensons is hit by Dylan Olsen and loses puck.
17:29 of 3rd period - Matt Frattin is hit by Dylan Olsen and loses puck.
19:18 of 3rd period - Devon Teows is hit by Scott Harrington and loses puck.
19:23 of 3rd period - Slapshot by Brett Bulmer.
19:23 of 3rd period - Stopped by Ilya Sorokin without a rebound.
19:24 of 3rd period - Calle Jarnkrok wins face-off versus Michal Repik in Harfangs zone.
19:29 of 3rd period - Jake Evans is hit by Calle Jarnkrok and loses puck.
Goals for this period are 0 for Harfangs vs 0 for Senators.
Shots for this period are 3 for Harfangs vs 9 for Senators.
Overtime #1
0:01 of 1st overtime period - Tyler Randell wins face-off versus Nick Foligno in neutral zone.
0:47 of 1st overtime period - Snap shot by Sven Andrighetto.
0:47 of 1st overtime period - Shot Misses the Net.
1:01 of 1st overtime period - Adam Ollas-Mattsson is hit by Michael Bournival and loses puck.
1:24 of 1st overtime period - Slapshot by Tyler Brenner.
1:24 of 1st overtime period - Shot Misses the Net.
1:28 of 1st overtime period - Wrist shot by Calle Jarnkrok.
1:28 of 1st overtime period - Shot Misses the Net.
1:40 of 1st overtime period - Dylan Olsen is hit by Brett Bulmer.
2:22 of 1st overtime period - Dylan Olsen is hit by Pontus Sjalin and loses puck.
2:57 of 1st overtime period - Snap shot by Cristoval Nieves.
2:57 of 1st overtime period - Stopped by Justin Peters without a rebound.
2:58 of 1st overtime period - Cristoval Nieves wins face-off versus Nick Foligno in Senators zone.
3:01 of 1st overtime period - Wrist shot by Cristoval Nieves.
3:01 of 1st overtime period - Goal by Cristoval Nieves - Harfangs : 2 - Senators : 1.
Goals for this period are 1 for Harfangs vs 0 for Senators.
Shots for this period are 2 for Harfangs vs 0 for Senators.
Back to the Top